 Dungeon Crawl Stone Soup version 0.16.0-17-g811c1d7 (console) character file.

137 mauris the Cutter (level 5, -3/31 HPs)
             Began as a Deep Elf Fighter on Mar 20, 2015.
             Slain by a worker ant (6 damage)
             ... on level 3 of the Dungeon.
             The game lasted 00:05:40 (4185 turns).

mauris the Cutter (Deep Elf Fighter)                Turns: 4185, Time: 00:05:40

Health: -3/31      AC:  2    Str: 13    XL:     5   Next: 0%
Magic:  10/10      EV: 11    Int: 13    God:
Gold:   105        SH:  0    Dex: 15    Spells: 0 memorised, 4 levels left

rFire  . . .     SeeInvis .     a - +0 rapier
rCold  . . .     Clarity  .     v - +0 robe {2}
rNeg   . . .     SustAb   .     (no shield)
rPois  .         Gourm    .     (no helmet)
rElec  .         Spirit   .     (no cloak)
rCorr  .         Warding  .     (no gloves)
rMut   .         Stasis   .     (no boots)
MR     .....                    (no amulet)
Stlth  +.........               (no ring)
                                (no ring)

@: lethally poisoned (-3 -> -8), hasted, very quick, not resistant to hostile
enchantments, very unstealthy
A: no striking features
a: no special abilities


You were on level 3 of the Dungeon.
You were not hungry.

You visited 1 branch of the dungeon, and saw 4 of its levels.

You collected 105 gold pieces.

Inventory:

Hand weapons
 a - a +0 rapier (weapon)
Missiles
 q - 84 stones (quivered)
Armour
 v - a +0 robe (worn) {2}
Magical devices
 p - a wand of slowing (48) {48}
Scrolls
 b - a scroll of enchant weapon {unknown}
 f - 2 scrolls of remove curse
 h - 3 scrolls of identify {@r1}
 k - a scroll of random uselessness {unknown}
 m - 3 scrolls of teleportation {unknown}
 r - 2 scrolls of amnesia {unknown}
 s - a scroll of fog {unknown}
 u - a scroll of noise {unknown}
 w - a scroll of immolation {unknown}
Potions
 c - a potion of poison {unknown}
 e - a potion of might
 j - a potion of heal wounds {unknown}
 o - a potion of lignification {!q}
 x - a potion of haste {@q3}
Comestibles
 d - a bread ration
 g - a slice of pizza
 l - a beef jerky
 n - 3 fruits
 t - 2 chunks of flesh
 z - a royal jelly


   Skills:
 - Level 2.4 Fighting
 + Level 5.2 Short Blades
 - Level 2.4 Armour
   Level 2.4 Shields


You had 4 spell levels left.
You didn't know any spells.

Dungeon Overview and Level Annotations

Branches:
Dungeon (4/15)
 Temple: D:4-7

Altars:
Cheibriados
Elyvilon


Message History

You kill the kobold!
You have reached level 5!
You hit the worker ant!
The worker ant is heavily wounded.
The worker ant bites you.
* * * LOW HITPOINT WARNING * * *
You are poisoned.
The worker ant poisons you! The worker ant bites you!
* * * LOW HITPOINT WARNING * * *
Huge Dmg: -36%(-11hp) hp: 10%(3hp) Drink which item? (? for menu, Esc to quit)
You feel better. The worker ant bites you.
* * * LOW HITPOINT WARNING * * *
You are lethally poisoned!
The worker ant poisons you!
Drink which item? (? for menu, Esc to quit)
It was a potion of haste.
You feel yourself speed up.
* * * LOW HITPOINT WARNING * * *
You feel sick. The worker ant bites you.
You die...

#........####.##.####
########......##.#
#########.# #.# #.#
####.###### #.........#
##########.##.####.#
##.......##@##.# #.#
#.........#a##.## #.#
#..#####...o....# #.#
#..#####>.#.#...###.#
#..##.....#.......#.#
#.........#.#...#.#.#######
#
##.##.##.##...............#
##
#.##.##.####..##>#######.#
.## #.......# #.....# ##.#


You could see a worker ant and an orc.

Vanquished Creatures
  5 adders
  5 worms
  2 giant geckos (D:3)
  An ooze (D:2)
  An orc (D:3)
  2 goblins
  8 hobgoblins
  3 jackals
  7 kobolds
  A quokka (D:3)
  A ball python (D:2)
  12 bats
  2 giant cockroaches
  A giant newt (D:2)
  10 rats
61 creatures vanquished.

Notes
Turn   | Place    | Note
--------------------------------------------------------------
     0 | D:1      | mauris, the Deep Elf Fighter, began the quest for the Orb.
     0 | D:1      | Reached XP level 1. HP: 13/13 MP: 2/2
   414 | D:1      | Reached XP level 2. HP: 18/18 MP: 4/4
   696 | D:1      | Reached skill level 3 in Short Blades
  1022 | D:2      | Huge Dmg: 4 dmg
  1029 | D:2      | Reached XP level 3. HP: 11/22 MP: 6/6
  1509 | D:2      | Huge Dmg: 9 dmg
  1627 | D:2      | Huge Dmg: 7 dmg
  1989 | D:2      | Reached skill level 4 in Short Blades
  2275 | D:2      | Reached XP level 4. HP: 25/27 MP: 8/8
  2840 | D:3      | Huge Dmg: 8 dmg
  3381 | D:3      | Reached skill level 5 in Short Blades
  3483 | D:3      | Found a snail-covered altar of Cheibriados.
  3776 | D:3      | Found a white marble altar of Elyvilon.
  3786 | D:3      | Huge Dmg: 5 dmg
  4168 | D:4      | Noticed an ogre
  4173 | D:4      | Huge Dmg: 6 dmg
  4175 | D:3      | Huge Dmg: 12 dmg
  4182 | D:3      | Reached XP level 5. HP: 14/31 MP: 10/10
  4184 | D:3      | Huge Dmg: 11 dmg
  4185 | D:3      | Slain by a worker ant

Action                   |  1- 3 |  4- 6 || total
-------------------------+-------+-------++-------
Melee: Rapier            |   116 |    77 ||   193
Throw: Stone             |   117 |   125 ||   242
  Use: Scroll            |       |     4 ||     4
       Potion            |       |     4 ||     4
  Eat: Chunk             |     3 |     6 ||     9
       Fruit             |     1 |       ||     1

Vault maps used:
D:1:      saegor_arrival_simple_d
D:3:      lemuel_crystal_altar, elyvilon_altar_3, grunt_decor_fettered
D:4:      kennysheep_the_goblin_king, lemuel_round_altar, first_bread
